[Event "Late-Titled-Tuesday-Blitz-September-19-2023"]
[Site "Chess.com"]
[Date "2023.09.19"]
[Round "6"]
[White "IgorBjelobrk"]
[Black "sebastianmarinp"]
[Result "1/2-1/2"]
[WhiteElo "2681"]
[BlackElo "2411"]
[TimeControl "180+1"]
[EndTime "15:04:56 PDT"]
[Termination "Game drawn by repetition"]

1. d4 d5 2. c4 c6 3. Nf3 Nf6 4.
Qc2 e6 5. g3 Be7 6. Bg2 O-O 7.
O-O Nbd7 8. Rd1 b6 9. b3 Bb7 10.
Nc3 Rc8 11. e4 dxe4 12. Nxe4 c5 13. Nxf6+ Bxf6 14. Ng5 Bxg5 15. Bxb7 Rc7 16. dxc5 Bxc1 17. Raxc1 Rxb7 18. c6 Rc7 19. cxd7 Rxd7 20. Rxd7 Qxd7 21.
Rd1 Qc6 22. Qd2 g6 23. Qd7 Qf3 24. Rd2 Qc3 25. Qd4 Qa5 26. a4 Rc8 27. Rd3 Qe1+ 28.
Kg2 Rc5 29. Re3 Qb4 30. Kf1 Rf5 31. Rd3 a6 32. Qd6 Qa5 33. Qb8+ Kg7 34. Ke2 Qe5+ 35.
Qxe5+ Rxe5+ 36. Kd2 b5 37. cxb5 axb5 38. a5 b4 39. Rd4 Rxa5 40. Rxb4 Ra2+ 41. Ke3 Kf6 42. Rb7 g5 43. h3 h5 44. b4 g4 45. hxg4 hxg4 46. Rc7 Kg6 47. Rc4 f5 48. b5 Rb2 49.
Rc5 Kf6 50. f4 Rb3+ 51. Kf2 Rb2+ 52. Ke1 Rb3 53. Kf2 Rb2+ 54. Kg1 Rb1+ 55. Kf2 Rb2+ 1/2-1/2

[Event "Late-Titled-Tuesday-Blitz-September-19-2023"]
[Site "Chess.com"]
[Date "2023.09.19"]
[Round "6"]
[White "Alexei_Gubajdullin"]
[Black "whiteglovethief"]
[Result "1-0"]
[WhiteElo "2646"]
[BlackElo "2516"]
[TimeControl "180+1"]
[EndTime "15:04:59 PDT"]
[Termination "Alexei_Gubajdullin won by resignation"]

1. d4 Nf6 2. Nf3 e6 3. Bf4 d5 4. e3 Bd6 5. Bg3 c5 6. Nbd2 Qc7 7. c3 Nbd7 8. Bb5 O-O 9. Bxd7 Bxd7 10. O-O Bxg3 11. hxg3 Bb5 12. Re1 Ne4 13. Nxe4 dxe4 14.
Ng5 Bd3 15. f3 Qxg3 16. Nxe4 Bxe4 17. fxe4 e5 18. dxc5 Rad8 19. Qf3 Qxf3 20. gxf3 Rd2 21. Red1 Rfd8 22. Rxd2 Rxd2 23. b4 g6 24. a4 Rc2 25.
Ra3 Kf8 26. a5 Ke7 27. a6 bxa6 28. Rxa6 Rxc3 29. Rxa7+ Ke6 30. Kf2 Rc2+ 31. Kg3 Rc4 32. Rb7 h5 33. Rb6+ Kd7 34. Kh4 f5 35. Kg5 fxe4 36.
fxe4 Rxe4 37. b5 Rxe3 38. Rb7+ Ke6 39. b6 Rb3 40. Rc7 e4 41. b7 e3 42. Rc6+ Kd5 43. Rb6 Rxb6 44. cxb6 e2 45. b8=Q e1=Q 46. Qd8+ Kc6 47.
Qc7+ Kb5 48. b7 Qg1+ 49. Kh6 Qe3+ 50. Kh7 Ka6 51. b8=Q 1-0

[Event "Late-Titled-Tuesday-Blitz-September-19-2023"]
[Site "Chess.com"]
[Date "2023.09.19"]
[Round "6"]
[White "NotFischer"]
[Black "Gogolev_Artemy"]
[Result "0-1"]
[WhiteElo "2247"]
[BlackElo "2396"]
[TimeControl "180+1"]
[EndTime "15:05:02 PDT"]
[Termination "Gogolev_Artemy won on time"]

1. e4 c5 2. Nf3 e6 3. d4 cxd4 4. Nxd4 Nc6 5. Nc3 Qc7 6. Be3 a6 7. Be2 b5 8. a3 Bb7 9. O-O Nf6 10. Nxc6 Qxc6 11. Bf3 e5 12. Nd5 Bc5 13. Nxf6+ gxf6 14. Bxc5 Qxc5 15. Qd3 Ke7 16. Rfd1 d6 17. b4 Qc7 18.
Rac1 Rac8 19. c4 bxc4 20. Rxc4 Qxc4 21. Qxd6+ Ke8 22. Qd7+ Kf8 23. Qxb7 Qc6 24. Qa7 Kg7 25. h4 Rhd8 26. Rxd8 Rxd8 27. Bh5 Rd7 28. Qe3 Rd4 29.
Qg3+ Kf8 30. Bf3 Qc1+ 31. Kh2 Qf4 32. Qxf4 exf4 33. Kh3 Rd3 34. Kg4 Rxa3 35. Kh5 Kg7 36. Kg4 Rb3 37. Be2 Rxb4 38. Bxa6 Rxe4 39. Bb7 Rd4 40.
Bf3 Kg6 41. h5+ Kg7 42. Kh4 f5 43. Kh3 Kf6 44. Kh4 h6 45. Kh3 Kg5 46. Kh2 Rd3 0-1

[Event "Late-Titled-Tuesday-Blitz-September-19-2023"]
[Site "Chess.com"]
[Date "2023.09.19"]
[Round "6"]
[White "Flaccidmoves"]
[Black "AlexNovitz"]
[Result "1-0"]
[WhiteElo "2448"]
[BlackElo "2249"]
[TimeControl "180+1"]
[EndTime "15:05:05 PDT"]
[Termination "Flaccidmoves won by checkmate"]

1. e4 e6 2. d4 d5 3. Bd3 c5 4. dxc5 dxe4 5. Bxe4 Qxd1+ 6. Kxd1 Bxc5 7. Ke2 Ne7 8. Nc3 a6 9. Be3 Bxe3 10. Kxe3 Nbc6 11.
Nge2 b5 12. Nd4 Bb7 13. a4 b4 14. Na2 a5 15. Nb5 O-O-O 16. Rhd1 Rxd1 17. Rxd1 f5 18. Bf3 Rd8 19. Rxd8+ Nxd8 20. Nd6+ Kc7 21. Ne8+ Kd7 22. Nxg7 Bxf3 23. Kxf3 Nb7 24. Nc1 Nc5 25.
b3 Nd5 26. Nd3 Nxd3 27. cxd3 Kd6 28. g3 Ke5 29. Ke2 Nc7 30. Nh5 Na6 31. Kd2 Nc5 32.
Kc2 Kd4 33. Nf4 e5 34. Ne2+ Kd5 35. f3 h5 36. h3 Ne6 37. g4 fxg4 38. fxg4 hxg4 39.
hxg4 Ng5 40. Kd2 Nf3+ 41. Ke3 Ng5 42. Ng3 Kc5 43. Ne4+ Nxe4 44. Kxe4 Kd6 45. g5 Ke6 46. g6 Kf6 47. g7 Kxg7 48. Kxe5 Kf7 49. Kd6 Kf6 50.
d4 Kf5 51. Kc6 Ke4 52. d5 Kd3 53. d6 Kc3 54. d7 Kxb3 55. d8=Q Kxa4 56. Kc5 b3 57.
Kc4 b2 58. Qd1+ Ka3 59. Qb3# 1-0

[Event "Late-Titled-Tuesday-Blitz-September-19-2023"]
[Site "Chess.com"]
[Date "2023.09.19"]
[Round "6"]
[White "Nick12772"]
[Black "martinez_95"]
[Result "0-1"]
[WhiteElo "2341"]
[BlackElo "2201"]
[TimeControl "180+1"]
[EndTime "15:05:08 PDT"]
[Termination "martinez_95 won by resignation"]

1. Nf3 g6 2. g3 Bg7 3. Bg2 d6 4. O-O Nd7 5. c4 a6 6. Nc3 Rb8 7. a4 e6 8. b3 Ne7 9. Bb2 O-O 10.
Qc2 Nc6 11. Rac1 Nb4 12. Qb1 c5 13. Qa1 b6 14. h4 h5 15. Ne4 Bxb2 16. Qxb2 Qe7 17.
Nfg5 Bb7 18. Rfd1 f5 19. Nc3 Bxg2 20. Kxg2 Ne5 21. d4 Nf7 22. Nxf7 Rxf7 23. dxc5 bxc5 24.
Qd2 Rd8 25. e3 Qb7+ 26. Kg1 g5 27. hxg5 h4 28. Qe2 Rh7 29. g4 h3 30. e4 h2+ 31.
Kh1 Nc6 32. exf5 Nd4+ 33. Qe4 d5 34. cxd5 exd5 35. Qg2 Nxb3 36. Rxd5 Rxd5 37. Nxd5 Nxc1 38. g6 Re7 39. f6 Re1+ 40. Kxh2 Qb8+ 41. Kh3 Qb3+ 42.
f3 Qxd5 43. f7+ Kg7 44. Qb2+ Qd4 45. Qxd4+ cxd4 46. f4 d3 47. f5 Rf1 48. Kh4 d2 49. g5 Rxf5 50. Kh5 d1=Q+ 0-1

[Event "Late-Titled-Tuesday-Blitz-September-19-2023"]
[Site "Chess.com"]
[Date "2023.09.19"]
[Round "6"]
[White "FrancescoSorcinelli"]
[Black "davigator"]
[Result "0-1"]
[WhiteElo "2105"]
[BlackElo "2331"]
[TimeControl "180+1"]
[EndTime "15:05:08 PDT"]
[Termination "davigator won by checkmate"]

1. Nf3 Nf6 2. g3 g6 3. Bg2 Bg7 4. O-O O-O 5. d4 d6 6. b3 d5 7. Bb2 a5 8. a3 Bf5 9. c4 c6 10.
Nc3 Nbd7 11. Nh4 Be6 12. e4 Nb6 13. e5 Ne8 14. c5 Nd7 15. f4 b6 16. b4 bxc5 17. dxc5 Qb8 18. f5 gxf5 19. Nxf5 Bxf5 20. Rxf5 e6 21. Rg5 h6 22. Rh5 Nxc5 23. Ne2 axb4 24.
axb4 Rxa1 25. Qxa1 Qxb4 26. Ba3 Qc4 27. Bf1 Nb3 28. Qd1 c5 29. Rh4 Qb5 30. Nd4 Qb6 31.
Nxb3 Bxe5 32. Bxc5 Qc7 33. Bxf8 Kxf8 34. Qh5 Bg7 35.
Qg4 Nf6 36. Qe2 Qb6+ 37. Nd4 Ne4 38. Rxe4 dxe4 39. Qxe4 Bxd4+ 40. Kg2 Qb2+ 41. Kh3 Bf6 42. Bg2 Kg7 43. Qa8 Qd4 44. Qe4 Qc5 45. Qf3 h5 46. Qe2 Qf5+ 47. g4 hxg4+ 48. Qxg4+ Qxg4+ 49. Kxg4 Be5 50. h4 Bd4 51. h5 f5+ 52. Kg3 Be3 53.
Bf3 Kf6 54. Kg2 Kg5 55. Kf1 e5 56. Ke2 Bc5 57. Kd3 Bf8 58. Bd5 Kf4 59. Be6 e4+ 60.
Ke2 Ke5 61. Bc8 f4 62. Bd7 f3+ 63. Kf2 Bc5+ 64. Kf1 Be3 65. Bg4 Bh6 66. Kf2 Kf4 67.
Bh3 e3+ 68. Kf1 Kg3 69. Bc8 e2+ 70. Ke1 Bf8 71. Ba6 Bb4# 0-1

[Event "Late-Titled-Tuesday-Blitz-September-19-2023"]
[Site "Chess.com"]
[Date "2023.09.19"]
[Round "6"]
[White "Byniolus"]
[Black "Pingah9"]
[Result "1-0"]
[WhiteElo "2790"]
[BlackElo "2555"]
[TimeControl "180+1"]
[EndTime "15:05:10 PDT"]
[Termination "Byniolus won by checkmate"]

1. d4 g6 2. Nf3 Bg7 3. Bf4 d6 4. e3 Nf6 5. h3 O-O 6. Be2 Nbd7 7. O-O c5 8. c3 b6 9. a4 Bb7 10. a5 Rc8 11. Nbd2 Qc7 12. Bh2 Ne4 13. Qb3 Nxd2 14.
Nxd2 Rb8 15. axb6 axb6 16. Ra7 Nf6 17. Rfa1 Qc8 18. Bf3 Bxf3 19. Nxf3 Re8 20. Ng5 c4 21. Qb5 h6 22. Nf3 Qf5 23. Qxc4 g5 24. Bxd6 b5 25.
Qb3 Rb6 26. Bxe7 Nd5 27. Bc5 Rg6 28. Qxb5 Re4 29. Nd2 g4 30. Ra8+ Kh7 31. Nxe4 gxh3 32. Ng3 Qc2 33. Qe2 Qb3 34. c4 Nf6 35. gxh3 h5 36. Kh1 h4 37. Nh5 Qb7+ 38. d5 Ne4 39. Rg1 Qxa8 40. Nxg7 Rxg1+ 41. Kxg1 Nxc5 42. Nf5 Kg6 43. Qg4+ Kf6 44. Nd4 Qa1+ 45. Kg2 Qa2 46. Qxh4+ Ke5 47.
Qg3+ Kf6 48. Qf4+ Kg7 49. Qg5+ Kh7 50. Nf5 Ne6 51. Qh6+ Kg8 52. Ne7# 1-0

[Event "Late-Titled-Tuesday-Blitz-September-19-2023"]
[Site "Chess.com"]
[Date "2023.09.19"]
[Round "6"]
[White "BillieKimbah"]
[Black "Jospem"]
[Result "0-1"]
[WhiteElo "2965"]
[BlackElo "3064"]
[TimeControl "180+1"]
[EndTime "15:05:13 PDT"]
[Termination "Jospem won by checkmate"]

1. Nf3 c5 2. c4 Nf6 3. Nc3 g6 4. e4 Nc6 5. d4 cxd4 6. Nxd4 Nxd4 7. Qxd4 d6 8. Be2 Bg7 9. Be3 O-O 10. Qd2 a5 11. h4 h5 12. a4 Be6 13. O-O-O Rc8 14.
b3 b5 15. axb5 a4 16. Nxa4 Nxe4 17. Qc2 Nf6 18. Bd4 Bf5 19. Bd3 Bd7 20. Nb6 Rb8 21. Nxd7 Nxd7 22. Bxg7 Kxg7 23. g4 Rh8 24. gxh5 Rxh5 25.
f4 e5 26. f5 Ra8 27. fxg6 Rxh4 28. gxf7 Ra1+ 29. Kb2 Rxd1 30. Qg2+ Kxf7 31. Qg6+ Ke7 32.
Rxh4 Nf6 33. Rh6 Rd2+ 34. Kc1 Rf2 35. Qg7+ Ke6 36. Qg3 Qb6 37. Rh2 Rf4 38. Qh3+ Ke7 39. Rd2 Qa5 40. Qg2 Qa1+ 41. Kc2 Qa2+ 42. Kc3 Qa1+ 43.
Kc2 e4 44. Qg7+ Ke6 45. Be2 Qa2+ 46. Kc3 Qa1+ 47. Kc2 e3 48. Rd3 Qa2+ 49. Kc1 Qxe2 50. Rxd6+ Kxd6 51. Qf8+ Ke6 52. Qc8+ Ke5 53. Qc7+ Kf5 54.
Qe5+ Kxe5 55. Kb1 Rf1# 0-1

[Event "Late-Titled-Tuesday-Blitz-September-19-2023"]
[Site "Chess.com"]
[Date "2023.09.19"]
[Round "6"]
[White "rionelG"]
[Black "Dr_crypt"]
[Result "0-1"]
[WhiteElo "2325"]
[BlackElo "2437"]
[TimeControl "180+1"]
[EndTime "15:05:13 PDT"]
[Termination "Dr_crypt won on time"]

1. e4 d5 2. exd5 Qxd5 3. Nc3 Qd6 4. d4 c6 5. Nf3 Bg4 6. Be2 Nd7 7. Ne5 Bxe2 8. Qxe2 Qxd4 9. Nxd7 Qxd7 10. Bd2 Nf6 11. O-O-O e6 12. Bf4 Qc8 13. Be5 Be7 14. g4 O-O 15. g5 Nd5 16. Ne4 f5 17. gxf6 Nxf6 18. Ng5 h6 19. h4 Re8 20. Qd3 Rd8 21. Qg6 Rxd1+ 22. Kxd1 Qe8 23. Qxe8+ Rxe8 24. Nxe6 Bb4 25. Bxf6 Rxe6 26. Bd4 Rd6 27. c3 c5 28. Kc2 cxd4 29.
cxb4 Rf6 30. Rf1 Rf3 31. Kd2 h5 32. Ke2 Rh3 33. Rd1 Rxh4 34. Kd3 Rf4 35. Ke2 h4 36. b5 h3 37. Rh1 Rh4 38. Kf3 g5 39. a4 h2 40. Kg3 Kf7 41. b4 Ke6 42. a5 Kd5 43. a6 b6 44. Kg2 d3 45. Kf3 Kd4 46. Kg3 d2 0-1

[Event "Late-Titled-Tuesday-Blitz-September-19-2023"]
[Site "Chess.com"]
[Date "2023.09.19"]
[Round "6"]
[White "andrzej"]
[Black "Mesa_1"]
[Result "0-1"]
[WhiteElo "2472"]
[BlackElo "2598"]
[TimeControl "180+1"]
[EndTime "15:05:14 PDT"]
[Termination "Mesa_1 won by checkmate"]

1. e4 e6 2. d4 d5 3. Nc3 Nf6 4. e5 Nfd7 5. f4 c5 6. Nf3 Nc6 7. Be3 Be7 8. Qd2 a6 9. a3 O-O 10.
dxc5 Nxc5 11. O-O-O b5 12. h4 b4 13. axb4 Nxb4 14.
Kb1 Qa5 15. Bxc5 Bxc5 16. Bd3 Rb8 17. Be2 Bd7 18. Nd4 Bxd4 19. Qxd4 Rfc8 20. Rh3 Nc6 21. Qa4 Qb6 22. Qa3 Nd4 23. Bd3 Nb5 24. Nxb5 Bxb5 25. h5 h6 26. g4 Qf2 27. Rf1 Qg2 28. Rhf3 Bxd3 29. Qxd3 Qxg4 30. f5 Qb4 31. b3 Qb5 32. Qd4 Qc5 33. Qd3 Qc4 34. Qd2 Qe4 35. fxe6 fxe6 36. Rf7 Rxb3+ 37. Kc1 Rbc3 38. R1f2 Rxc2+ 39. Qxc2 Rxc2+ 40. Rxc2 Kxf7 41. Rf2+ Ke7 42. Ra2 Qe3+ 43. Kd1 Qc5 44. Rxa6 Qg1+ 45. Ke2 Qg2+ 46. Ke1 Qg3+ 47. Kf1 Qd3+ 48. Ke1 Qxa6 49. Kf2 Qc6 50. Kg3 Qc7 51. Kh4 Qxe5 52. Kg4 Qf5+ 53. Kh4 Kf6 54. Kg3 Ke5 55. Kh4 Qf4+ 56. Kh3 Qg5 57. Kh2 Kf4 58. Kh3 Kf3 59.
Kh2 Qg2# 0-1

[Event "Late-Titled-Tuesday-Blitz-September-19-2023"]
[Site "Chess.com"]
[Date "2023.09.19"]
[Round "6"]
[White "ATM622"]
[Black "SCIM"]
[Result "1/2-1/2"]
[WhiteElo "2467"]
[BlackElo "2568"]
[TimeControl "180+1"]
[EndTime "15:05:14 PDT"]
[Termination "Game drawn by repetition"]

1. d4 d5 2. c4 e6 3. g3 a6 4. Bg2 Nf6 5. Nf3 dxc4 6. O-O Nc6 7. Nc3 Rb8 8. e4 Be7 9. d5 exd5 10. exd5 Nb4 11. Ne5 Bf5 12. Nxc4 O-O 13. Bf4 Bd3 14.
Qb3 Bxf1 15. Rxf1 Nbxd5 16. Rd1 c6 17. Bxb8 Qxb8 18. Nxd5 Nxd5 19. Bxd5 cxd5 20. Rxd5 Bf6 21. Qb6 Qc8 22. b3 h6 23. h4 Re8 24. Kg2 Qg4 25.
Qxb7 Bxh4 26. Rd3 Bf6 27. Qf3 Qe6 28. Re3 Qd7 29. Nb6 Qd8 30. Rxe8+ Qxe8 31. Nd5 Be5 32. Qe4 Qb8 33. f4 Bd6 34. Ne7+ Bxe7 35. Qxe7 Qb5 36. Qe3 Qd5+ 37. Qf3 Qd2+ 38. Qf2 Qd5+ 39. Kh2 a5 40.
Kg1 h5 41. f5 Qd1+ 42. Kh2 Qd5 43. f6 g5 44. Qc2 Qe5 45. Qc8+ Kh7 46. Qc2+ Kh6 47.
Qd2 Qxf6 48. Qxa5 Kg6 49. Qd2 Qe5 50. Qd3+ Kh6 51. Kg2 h4 52. gxh4 gxh4 53. Qd2+ Kh5 54. Qd1+ Kg5 55. Qd2+ Kh5 56. Qd1+ Kg5 57. Qc1+ Kh5 58.
Qd1+ 1/2-1/2

[Event "Late-Titled-Tuesday-Blitz-September-19-2023"]
[Site "Chess.com"]
[Date "2023.09.19"]
[Round "6"]
[White "cukus"]
[Black "lluiss"]
[Result "0-1"]
[WhiteElo "2380"]
[BlackElo "2258"]
[TimeControl "180+1"]
[EndTime "15:05:15 PDT"]
[Termination "lluiss won by checkmate"]

1. e4 c5 2. Nf3 d6 3. d4 cxd4 4. Nxd4 Nf6 5. Nc3 g6 6. Be3 Bg7 7. f3 O-O 8. Qd2 Nc6 9. Bc4 Bd7 10. O-O-O Qa5 11. Bb3 Ne5 12. Kb1 Rfc8 13. g4 Rc5 14. h4 Rac8 15. h5 Rxc3 16. bxc3 Nxf3 17.
Qg2 Bxg4 18. hxg6 hxg6 19. Nxf3 Nxe4 20. Bd4 Nxc3+ 21. Kb2 Nxd1+ 22. Rxd1 Qf5 23. Nh4 Qh5 24. Rd3 Qxh4 25. Bxg7 Kxg7 26. Rd4 f5 27. Qd5 Qf6 28. Kb1 Rh8 29. a4 Rh1+ 30. Ka2 Re1 31. Qc4 Qe5 32. Qc3 Re3 33. Qc4 Qc5 34. Qg8+ Kh6 35. Qf8+ Kg5 36. Rc4 Qe5 37. Qc8 Re1 38. Rc3 Re3 39. Rc4 Re4 40. Rc3 b6 41. Qc6 Re3 42. Rc4 Re1 43.
Rc3 Re3 44. Rc4 Re4 45. Rc3 Bf3 46. Rd3 Re1 47. c3 Bxc6 48. Rd2 Qe3 49. Rc2 Qg1 50. Ka3 Ra1+ 51. Kb4 Qc5# 0-1

[Event "Late-Titled-Tuesday-Blitz-September-19-2023"]
[Site "Chess.com"]
[Date "2023.09.19"]
[Round "6"]
[White "IMRosen"]
[Black "TC2304"]
[Result "1/2-1/2"]
[WhiteElo "2570"]
[BlackElo "2380"]
[TimeControl "180+1"]
[EndTime "15:05:17 PDT"]
[Termination "Game drawn by repetition"]

1. e4 Nc6 2. b4 Nxb4 3. d4 e6 4. c3 Nc6 5. d5 Nce7 6. Nf3 exd5 7. exd5 Ng6 8. h4 h5 9. Bd3 Nf6 10. Bxg6 fxg6 11. Qd3 Qe7+ 12. Be3 Qe4 13. Qxe4+ Nxe4 14. Ne5 d6 15. Nxg6 Rg8 16. Nd2 Nxd2 17. Kxd2 Bf5 18.
Nxf8 Rxf8 19. f3 Kd7 20. Bd4 g6 21. Rae1 c5 22. dxc6+ bxc6 23. c4 c5 24. Bg7 Rfe8 25. Rxe8 Rxe8 26. Bh6 Rb8 27. Bg7 Rb1 28. Rxb1 Bxb1 29.
a3 Kc6 30. Kc3 d5 31. cxd5+ Kxd5 32. Bf6 Bf5 33. Bg5 Bd7 34. Be3 a6 35. Bf2 Be6 36. Be3 Bd7 37. Bg1 Be6 38. Bh2 Bd7 39. Bb8 Be6 40. Bf4 Bd7 41. Be3 Be6 42. Bd2 Bd7 43. Kd3 Bb5+ 44. Kc3 Bf1 45. g3 Be2 46. f4 Bg4 47. Be3 Bd7 48. Bf2 Bf5 49. Be3 Bd7 50.
Bg1 Bf5 51. Bf2 Bd7 52. Be3 Bf5 53. Bf2 Bd7 54. Be1 Bb5 55. Bf2 Ke4 56. Bxc5 Kf3 57. Bd6 Bd7 58. f5 Bxf5 59. Bf4 Ke4 60. Kb4 Kd5 61. Ka5 Bd3 62. Kb6 Ke4 63. a4 Kf5 64. a5 Bf1 65. Kc5 Bb5 66. Kd4 Bf1 67. Ke3 Bb5 68.
Kf2 Bc4 69. Ke3 Bb5 70. Kd4 Bf1 71. Kc3 Be2 72. Kd2 Bb5 73. Kc3 Bf1 74. Kb4 Bb5 75. Ka3 Bf1 76. Kb2 Bb5 77. Kc1 Bf1 78. Kd2 Bb5 79.
Ke1 Bc4 80. Kd2 Bb5 1/2-1/2

[Event "Late-Titled-Tuesday-Blitz-September-19-2023"]
[Site "Chess.com"]
[Date "2023.09.19"]
[Round "6"]
[White "ElDivis"]
[Black "azikom"]
[Result "1/2-1/2"]
[WhiteElo "2517"]
[BlackElo "2622"]
[TimeControl "180+1"]
[EndTime "15:05:19 PDT"]
[Termination "Game drawn - insufficient material"]

1. Nf3 c5 2. e4 d6 3. d4 cxd4 4. Nxd4 Nf6 5. Nc3 a6 6. h3 b5 7. Nd5 Bb7 8. Nxf6+ gxf6 9. Bd3 Nd7 10. O-O Nc5 11. Re1 h5 12. b4 Na4 13. c4 Qd7 14.
cxb5 Nc3 15. bxa6 Nxd1 16. axb7 Qxb7 17. Bb5+ Kd8 18. Rxd1 e5 19. Nc6+ Kc7 20. a4 Qxb5 21. axb5 Rxa1 22. Rf1 Bh6 23. Bxh6 Rxf1+ 24. Kxf1 Rxh6 25.
Ne7 Rh8 26. Nd5+ Kb7 27. Nxf6 Kb6 28. g4 hxg4 29. hxg4 Kxb5 30. Nd5 Kc4 31. Kg2 Kd4 32. f3 Ra8 33. b5 Kc5 34. b6 Ra2+ 35. Kg3 Rb2 36. Kh4 Kc6 37. Kg3 Rb3 38. Kg2 Rb5 39.
Kg3 Rxd5 40. exd5+ Kxb6 41. Kh4 Kc5 42. Kg5 Kxd5 43. Kf6 Kc6 44. Kxf7 d5 45. g5 e4 46. fxe4 dxe4 47. g6 e3 48. g7 e2 49. g8=Q e1=Q 50. Qg6+ Kc7 51. Qe6 Qxe6+ 52. Kxe6 1/2-1/2

[Event "Late-Titled-Tuesday-Blitz-September-19-2023"]
[Site "Chess.com"]
[Date "2023.09.19"]
[Round "6"]
[White "picturesquecheck"]
[Black "Rital44"]
[Result "1/2-1/2"]
[WhiteElo "2381"]
[BlackElo "2564"]
[TimeControl "180+1"]
[EndTime "15:05:19 PDT"]
[Termination "Game drawn - insufficient material"]

1. e4 g6 2. d4 Bg7 3. c4 c5 4. Nf3 Qb6 5. Nc3 cxd4 6. Nd5 Qa5+ 7. b4 Qd8 8. Nxd4 Nf6 9. Nxf6+ Bxf6 10. Bb2 O-O 11.
Be2 d6 12. O-O Bd7 13. a3 Na6 14. Rc1 Rc8 15. Kh1 Nc7 16. f4 Bg7 17. Ba1 a5 18.
Bf3 axb4 19. axb4 Na6 20. Qe1 e5 21. Ne2 b5 22. cxb5 Bxb5 23. Rxc8 Qxc8 24. Qd2 Qc4 25. Qxd6 Qxb4 26. Qxb4 Nxb4 27. Bxe5 Bxe5 28. fxe5 Nd3 29. Rb1 Ba6 30. Rb6 Ra8 31. e6 fxe6 32. h3 Ne5 33. Nd4 Nxf3 34. Nxf3 Bc4 35. Ng5 Ra1+ 36. Kh2 Ra2 37. Nxe6 Bf1 38. Nf4 g5 39. Kg1 Ra1 40.
Nd5 Bd3+ 41. Kh2 Kg7 42. Rb7+ Kg6 43. Ne7+ Kf6 44. Ng8+ Ke5 45. Rxh7 Bxe4 46. Re7+ Kd4 47. Nf6 Ba8 48. Rd7+ Ke5 49. Ng4+ Kf4 50. Rf7+ Ke4 51. Rf2 Ra3 52. Re2+ Kf5 53. Rf2+ Kg6 54. Re2 Rb3 55. Ne5+ Kf5 56. Nf3 Bxf3 57. gxf3 Rxf3 58. Kg2 Rf4 59.
Rf2 Rxf2+ 60. Kxf2 Kg6 61. Kg3 Kh5 62. Kg2 g4 63.
hxg4+ Kxg4 1/2-1/2

[Event "Late-Titled-Tuesday-Blitz-September-19-2023"]
[Site "Chess.com"]
[Date "2023.09.19"]
[Round "6"]
[White "amanmuhammethommadov"]
[Black "GadimbayliA"]
[Result "1/2-1/2"]
[WhiteElo "2581"]
[BlackElo "2828"]
[TimeControl "180+1"]
[EndTime "15:05:20 PDT"]
[Termination "Game drawn by repetition"]

1. e4 e5 2. Nf3 d5 3. Nxe5 Bd6 4.
d4 dxe4 5. Bc4 Bxe5 6. Qh5 Qe7 7. Qxe5 Qxe5 8. dxe5 Nc6 9. Nc3 Bf5 10. Bf4 Rd8 11.
Nd5 Rd7 12. e6 fxe6 13. Nxc7+ Ke7 14. Nb5 Nf6 15. O-O Rc8 16. Rad1 Nd5 17. Bg5+ Kf7 18.
Bb3 h6 19. Bh4 a6 20. Nd4 Nxd4 21. Rxd4 g5 22. Bg3 Rcd8 23. Rfd1 Nf6 24. Be5 Rxd4 25. Rxd4 Rxd4 26. Bxd4 Nd5 27. h3 h5 28. Kf1 Ke7 29. c3 h4 30. Bxd5 exd5 31. Ke2 g4 32. hxg4 Bxg4+ 33. Ke3 Ke6 34. Kf4 h3 35. gxh3 Bxh3 36. a4 Bf1 37. a5 Bc4 38. Kg5 Bd3 39. Kf4 Bc4 40. Kg5 Bd3 41. Kf4 Kd6 42. Kg5 Kc6 43. Kf6 Kb5 44.
b4 Kc6 45. Ke5 Bc4 46. Be3 Kd7 47. Bh6 Kc6 48. Be3 Kd7 49. Bh6 Kc6 50. Bf4 Kd7 51. Be3 Kc6 52. Bd4 Kd7 53. Ba7 Kc6 54. Bb6 Kd7 55. Bd4 Kc6 56. Ke6 Bb3 57. Ke7 Bc4 58. Kd8 Bb3 59. Ke7 Bc4 60. Kf6 Bb3 61. Be3 Bc4 62.
Ke5 1/2-1/2

[Event "Late-Titled-Tuesday-Blitz-September-19-2023"]
[Site "Chess.com"]
[Date "2023.09.19"]
[Round "6"]
[White "Sokoloco"]
[Black "K_A_S_T_O_R"]
[Result "1/2-1/2"]
[WhiteElo "2672"]
[BlackElo "2911"]
[TimeControl "180+1"]
[EndTime "15:05:22 PDT"]
[Termination "Game drawn by repetition"]

1. b3 d5 2. Bb2 c5 3. e3 a6 4.
Nf3 Nf6 5. d4 cxd4 6. exd4 Bg4 7. Be2 Nc6 8. O-O e6 9. Nbd2 Rc8 10. h3 Bh5 11. Ne5 Bxe2 12. Qxe2 Be7 13. c3 O-O 14. f4 Ne8 15. f5 Nxe5 16. dxe5 exf5 17. Rxf5 Nc7 18. c4 b5 19. cxd5 Qxd5 20. Ne4 Ne6 21.
Rd1 Qc6 22. Nd6 Rcd8 23. Ba3 b4 24. Bb2 Bxd6 25. exd6 Rxd6 26. Rxd6 Qxd6 27. Qf2 f6 28. Qe3 Re8 29. Rf2 Nc7 30. Qd2 Rd8 31. Qc2 Ne6 32. Qc4 a5 33. Re2 Kf7 34. Qe4 Ng5 35. Qb7+ Rd7 36. Qa8 Qb6+ 37. Kh2 Qd8 38. Qxd8 Rxd8 39. Rc2 Ne6 40. Kg3 Rd3+ 41. Kf2 h5 42.
Re2 Nf4 43. Rc2 h4 44. Bc1 Ne6 45. Rc6 Nd4 46. Rd6 Ke7 47. Rd5 Ke6 48. Rd8 Ke5 49. Be3 Ke4 50. Re8+ Kd5 51. Rd8+ Kc5 52. Rc8+ Kb5 53.
Rd8 Kc5 54. Rc8+ Kd5 55. Rd8+ Ke4 56. Re8+ Kd5 57. Rd8+ 1/2-1/2

[Event "Late-Titled-Tuesday-Blitz-September-19-2023"]
[Site "Chess.com"]
[Date "2023.09.19"]
[Round "6"]
[White "Cipy77"]
[Black "karinachess1"]
[Result "0-1"]
[WhiteElo "2494"]
[BlackElo "2605"]
[TimeControl "180+1"]
[EndTime "15:05:25 PDT"]
[Termination "karinachess1 won on time"]

1. e4 c5 2. Nf3 e6 3. Nc3 Nc6 4. Bb5 Nd4 5. O-O g6 6. Nxd4 cxd4 7. Ne2 Bg7 8. c3 Qb6 9. a4 a6 10. Bc4 Qc7 11. d3 dxc3 12. bxc3 Ne7 13. Bf4 d6 14.
Qd2 O-O 15. Bh6 d5 16. Bxg7 Kxg7 17. exd5 exd5 18. Bb3 Bf5 19. Nf4 Rfd8 20. Rfe1 Rac8 21. Rac1 d4 22. cxd4 Qd6 23. d5 Ng8 24. h4 Nf6 25. h5 g5 26. Ne2 h6 27. Ng3 Bd7 28. Ne4 Nxe4 29. dxe4 Qe5 30. Qb4 b5 31. axb5 Bxb5 32. Bc4 Bxc4 33. Rxc4 Rxc4 34. Qxc4 Rd6 35. Rb1 Rf6 36.
g3 g4 37. Rb7 Qa1+ 38. Kg2 Qe1 39. Rb2 a5 40. Qc5 Qxe4+ 41. Kh2 Rf5 42. Qc3+ Kh7 43. f3 gxf3 44. Kg1 Rxh5 45. g4 f2+ 46. Kxf2 Qf4+ 47. Kg1 Qxg4+ 48. Rg2 Qd1+ 49. Kf2 Rf5+ 50.
Kg3 Qxd5 51. Rd2 Rg5+ 52. Kh3 Rh5+ 53. Kg3 Qg5+ 54. Kf2 Rh2+ 55. Kf1 Qxd2 0-1

[Event "Late-Titled-Tuesday-Blitz-September-19-2023"]
[Site "Chess.com"]
[Date "2023.09.19"]
[Round "6"]
[White "Ready4abattle"]
[Black "Francisco_Ferrari"]
[Result "1/2-1/2"]
[WhiteElo "2328"]
[BlackElo "2365"]
[TimeControl "180+1"]
[EndTime "15:05:28 PDT"]
[Termination "Game drawn by repetition"]

1. e4 c5 2. Nf3 a6 3. g3 b5 4. Bg2 Bb7 5. d3 d6 6. O-O e6 7. a4 b4 8. Nbd2 Ne7 9. d4 cxd4 10. Nxd4 Nec6 11. N2b3 Be7 12. Be3 O-O 13. Qd2 Nxd4 14.
Nxd4 Nc6 15. Nxc6 Bxc6 16. Qxb4 d5 17. Bc5 Bxc5 18. Qxc5 Rc8 19. Qe3 d4 20. Qd3 Qb6 21. b3 e5 22. Rfc1 Bd7 23. c4 dxc3 24. Qxd7 Qxb3 25.
Rab1 Qa3 26. Qd3 Rfd8 27. Qxa6 c2 28. Ra1 Qb2 29. Qb5 Qxa1 30. Rxa1 Rd1+ 31. Rxd1 cxd1=Q+ 32. Bf1 h5 33. Qxe5 Rc1 34. Qe8+ Kh7 35. Qb5 Qf3 36. Qf5+ Qxf5 37. exf5 Kh6 38. Kg2 Kg5 39. Bd3 Ra1 40. f4+ Kf6 41. Bb5 Ke7 42. Kf3 Kd6 43. h3 f6 44. g4 hxg4+ 45. hxg4 Kc5 46. g5 Kd4 47. Kg4 Ke4 48. gxf6 gxf6 49. Kh5 Rg1 50. a5 Kxf4 51. a6 Kxf5 52. Bd7+ Ke5 53. Bc6 Ra1 54. Bb7 f5 55. Kg5 f4 56. Kg4 Rg1+ 57. Kf3 Ra1 58. Kf2 Ra3 59. Bc8 Kd4 60. Bb7 Ke5 61. Ke2 Kd4 62. Kf2 Ke5 1/2-1/2

[Event "Late-Titled-Tuesday-Blitz-September-19-2023"]
[Site "Chess.com"]
[Date "2023.09.19"]
[Round "6"]
[White "sergeikim"]
[Black "tgpgoat"]
[Result "1-0"]
[WhiteElo "2604"]
[BlackElo "2503"]
[TimeControl "180+1"]
[EndTime "15:05:32 PDT"]
[Termination "sergeikim won by resignation"]

1. d4 Nf6 2. c4 e6 3. Nc3 Bb4 4. Qc2 O-O 5. a3 Bxc3+ 6. Qxc3 b5 7. cxb5 c6 8. e3 cxb5 9. Bxb5 Bb7 10. Nf3 Ne4 11. Qb4 Nc6 12. Qa4 Qb6 13. O-O a6 14. Bd3 f5 15. b4 Qc7 16. Bb2 Ne7 17. Rac1 Bc6 18. Qc2 Qb7 19. Ne5 Bd5 20. Qc7 Rfd8 21. Qxb7 Bxb7 22. Rc7 Bc6 23. Nxc6 Nxc6 24. Rc1 Nd6 25.
f3 Kf8 26. e4 fxe4 27. fxe4 Rab8 28. d5 Ne8 29. R7xc6 dxc6 30. Rxc6 exd5 31. e5 a5 32. b5 Ke7 33. Bd4 Kf7 34. a4 Rbc8 35. Ra6 Rc1+ 36. Kf2 Rd1 37. Ke2 Rh1 38. Bf5 Rxh2 39. Ra7+ Kg8 40.
Kf3 Rh4 41. g4 Rh6 42. g5 Rh4 43. Be6+ Kh8 44. Bb6 Rb8 45. Bc5 Rc4 46. Bd6 Rc3+ 47. Kf4 Rd8 48. Bxd5 Rd3 49. Ke4 Nxd6+ 50. Kxd3 Nxb5 51.
axb5 Rxd5+ 52. Kc4 Rd8 53. b6 h6 54. Kb5 hxg5 55. b7 g4 56. Ra8 Rxa8 57. bxa8=Q+ Kh7 58. Qxa5 g3 59. Qe1 g2 60. Qg1 1-0